 Dungeon Crawl Stone Soup version 0.28-a0-620-g539b0f7ac7 (webtiles) character file.

Game seed: 15147431047423791905

1068 siradein the Ruffian (level 8, -1/66 HPs)
             Began as a Red Draconian Transmuter on Oct 6, 2021.
             Was a Follower of Makhleb.
             Slain by a two-headed ogre (36 damage)
             ... on level 6 of the Dungeon.
             The game lasted 00:15:35 (6025 turns).

siradein the Ruffian (Red Draconian Transmuter)     Turns: 6025, Time: 00:15:37

Health: -1/66      AC:  6    Str: 13    XL:     8   Next: 7%
Magic:  13/13      EV: 13    Int: 15    God:    Makhleb [*.....]
Gold:   239        SH:  0    Dex: 12    Spells: 4/14 levels left

rFire   + + .      SeeInvis .     - Unarmed
rCold   + . .      Faith    .   (no shield)
rNeg    . . .      Spirit   .   (armour unavailable)
rPois   .          Reflect  .   (helmet currently unavailable)
rElec   .          Harm     .   l - scarf {rC+ rF+}
rCorr   .          Rampage  .   (no gloves)
Will    .....                   (boots currently unavailable)
Stlth   +.........              d - amulet of magic regeneration
HPRegen 0.21/turn               (no ring)
MPRegen 0.38/turn               (no ring)

@: short of breath, appendages, wereblooded
A: horns 2, talons 2, breathe fire, AC +6, unfitting armour, fire resistance 1,
cold-blooded
a: Breathe Fire, End Transformation, Renounce Religion


You were on level 6 of the Dungeon.
You worshipped Makhleb.
Makhleb was aware of your devotion.
You had temporarily grown beastly horns and talons.
You visited 2 branches of the dungeon, and saw 7 of its levels.

You collected 239 gold pieces.

Inventory:

Missiles
 m - 7 boomerangs
 n - 5 atropa-tipped darts
Armour
 l - a scarf of resistance (worn)
Jewellery
 d - an amulet of magic regeneration (around neck)
Wands
 p - a wand of iceblast (6)
Scrolls
 a - a scroll of summoning
 c - 2 scrolls of fear
 e - 2 scrolls of teleportation
 g - a scroll of magic mapping
 o - a scroll of silence {unknown}
Potions
 b - 2 potions of attraction
 f - a potion of curing {unknown}
 h - a potion of brilliance {unknown}
 i - a potion of might {unknown}
 j - a potion of invisibility
 k - a potion of lignification {unknown}
 q - a potion of cancellation {unknown}


   Skills:
 + Level 4.2 Fighting
 + Level 3.7 Dodging
 + Level 4.7 Unarmed Combat
 + Level 3.9 Spellcasting
 + Level 4.1 Transmutations
 - Level 0.8 Ice Magic
 + Level 2.3 Poison Magic
 + Level 2.7 Invocations


You had 4 spell levels left.
You knew the following spells:

 Your Spells              Type           Power      Damage    Failure   Level
a - Beastly Appendage     Tmut           30%        N/A       3%          1
b - Wereblood             Tmut           15%        N/A       4%          2
c - Spider Form           Tmut/Pois      6%         N/A       14%         3
d - Ice Form              Ice/Tmut       10%        N/A       54%         4

Your spell library contained the following spells:

 Spells                   Type           Power      Damage    Failure   Level
 Foxfire                  Conj/Fire      8%         2x1d4     19%         1
 Static Discharge         Conj/Air       2%         N/A       28%         2
 Conjure Flame            Conj/Fire      2%         6-21      50%         3
 Inner Flame              Hex/Fire       2%         N/A       50%         3
 Dispel Undead            Necr           2%         3d7       88%         4
 Flame Wave               Conj/Fire      2%         3d3       88%         4
 Sticky Flame             Conj/Fire      2%         2d3       88%         4
 Summon Lightning Spire   Summ/Air       2%         N/A       88%         4
 Storm Form               Tmut/Air       4%         N/A       100%        7
 Maxwell's Capacitive Co  Air            1%         ∞         100%        8


Dungeon Overview and Level Annotations

Branches:
Dungeon (6/15)             Temple (1/1) D:4

Altars:
Ashenzari
Cheibriados
Dithmenos
Elyvilon
Fedhas
Gozag
Hepliaklqana
Kikubaaqudgha
Makhleb
Nemelex Xobeh
Okawaru
Qazlal
Sif Muna
Trog
Uskayaw
Vehumet
Wu Jian
Xom
Yredelemnul
Zin

Shops:
D:6 (

Annotations:
D:5 2 transporters, meatgazer's ghost, novice DsAK


Innate Abilities, Weirdness & Mutations

You have temporarily grown beastly horns and talons.
You can breathe blasts of fire.
Your fiery red scales are hard. (AC +6)
You cannot fit into any form of body armour.
Your flesh is heat resistant. (rF+)
You are cold-blooded and may be slowed by cold attacks.


Message History

You barely miss the orc. Your kick misses the orc. The orc barely misses you.
You barely miss the orc. The orc hits you with a +0 hand axe.
You closely miss the orc. You claw the orc.
The orc is lightly wounded.
You howl as the wereblood boils in your veins!
You hear an angry hiss.
You hear a shout!
An iguana comes into view.
An ufetubus comes into view.
The orc closely misses you.
You barely miss the orc.
The orc is lightly wounded.
You howl as the wereblood boils in your veins!
You hear two shouts!
You hear an angry hiss. x2; You hear a bark!
A two-headed ogre comes into view.
It is wielding two +0 giant spiked clubs.
The orc misses you.
You hear a bark!
An adder and a hound come into view.
The hound barks!
The adder hisses angrily.
You hear a shout!
Your horns disappear.
Your talons disappear.
Casting: Beastly Appendage (safe; 3% risk of failure)
Confirm with . or Enter, or press ? or * to list all spells.
You grow a pair of large bovine horns.
Your feet morph into talons.
The two-headed ogre misses you. The two-headed ogre closely misses you.
Press: ? - help, Shift-Dir - straight line, f - adder
Aim: an adder You breathe a blast of fire.
The fiery breath hits the two-headed ogre!
The two-headed ogre is moderately wounded.
The fiery breath misses the orc.
The fiery breath misses the adder.
The adder is engulfed in blazing flames.
You kill the adder!
Makhleb accepts your kill. The two-headed ogre misses you.
The two-headed ogre hits you with a +0 giant spiked club!!
You hit the two-headed ogre. You claw the two-headed ogre.
You tail-slap the two-headed ogre, but do no damage.
The two-headed ogre is moderately wounded.
You howl as the wereblood boils in your veins!
The two-headed ogre hits you with a +0 giant spiked club!!!
Ouch! That really hurt!
You die...

##.#####.#.......
#<......<.##.#
#.#.#..##.# ##...#..#
#..#.#..## #........#
#.#######..#.###.#
#......##..#..# ...
#@#......# #..#
#O###.#..# ...#
...######o##..#..####..#
....5oo)oh.......... ..#
....l.##.☼.###...##.
##^#. #.#.# .#.# # #...#
...# .###...###. #. .#.#
#


You could see a two-headed ogre, a hound and 2 orcs.

Vanquished Creatures
  Menkaure (D:6)
  A black bear (D:5)
  3 necrophages
  An ogre (D:3)
  A centaur (D:6)
  Blork the orc (D:5)
  2 howler monkeys (D:5)
  A hound (D:4)
  A centaur skeleton (D:4)
  An iguana (D:4)
  A hound skeleton (D:5)
  Robin (D:4)
  3 gnolls (D:3)
  6 adders
  A shadow imp (D:6)
  An adder skeleton (D:4)
  2 worms (D:3)
  2 dart slugs (D:5)
  11 orcs
  6 endoplasms
  4 giant cockroaches
  7 hobgoblins
  3 quokkas
  7 ball pythons
  4 bats
  A frilled lizard (D:1)
  7 goblins
  3 kobolds
  4 rats
87 creatures vanquished.

Vanquished Creatures (others)
  16 plants (D:2)
16 creatures vanquished.

Grand Total: 103 creatures vanquished

Notes
Turn   | Place    | Note
-------+----------+-------------------------------------------
     0 | D:1      | siradein the Draconian Transmuter began the quest for the
                  | Orb.
     0 | D:1      | Reached XP level 1. HP: 16/16 MP: 3/3
   315 | D:1      | Found a faded altar of an unknown god.
   409 | D:1      | Reached XP level 2. HP: 20/23 MP: 3/5
   412 | D:1      | Learned a level 2 spell: Wereblood
  1246 | D:2      | Reached XP level 3. HP: 13/29 MP: 4/6
  1262 | D:2      | Learned a level 3 spell: Spider Form
  2628 | D:3      | Noticed an ogre
  2648 | D:3      | Killed an ogre
  2649 | D:3      | Reached XP level 4. HP: 20/37 MP: 5/8
  2649 | D:3      | Reached XP level 5. HP: 23/42 MP: 5/9
  3788 | D:4      | Noticed Robin
  3795 | D:4      | Killed Robin
  3847 | D:4      | Learned a level 4 spell: Ice Form
  3899 | D:4      | Found a staircase to the Ecumenical Temple.
  3983 | Temple   | Entered the Ecumenical Temple
  4268 | Temple   | Became a worshipper of Makhleb the Destroyer
  4423 | D:4      | Noticed a necrophage
  4431 | D:4      | Killed a necrophage
  4432 | D:4      | Reached XP level 6. HP: 51/51 MP: 6/10
  4530 | D:4      | Found a sparkling altar of Nemelex Xobeh.
  4878 | D:4      | Reached skill level 1 in Invocations
  5040 | D:5      | Entered Level 5 of the Dungeon
  5069 | D:5      | Noticed Blork the orc
  5081 | D:5      | Killed Blork the orc
  5082 | D:5      | Reached skill level 1 in Ice Magic
  5082 | D:5      | Reached skill level 1 in Poison Magic
  5091 | D:5      | Your scales start taking on a fiery red colour.
  5091 | D:5      | Reached XP level 7. HP: 48/57 MP: 9/12
  5091 | D:5      | Gained mutation: Your flesh is heat resistant. (rF+) [Red
                  | Draconian growth]
  5273 | D:5      | Reached * piety under Makhleb
  5300 | D:5      | Found a transporter.
  5554 | D:5      | Noticed meatgazer's ghost (novice DsAK)
  5580 | D:5      | Found a transporter.
  5653 | D:5      | Found a glowing silver altar of Zin.
  5870 | D:6      | Found Ezyffecapo's Antique Weapon Emporium.
  5928 | D:6      | Noticed Menkaure
  5938 | D:6      | Killed Menkaure
  6014 | D:6      | Reached XP level 8. HP: 56/66 MP: 11/13
  6018 | D:6      | Noticed a two-headed ogre
  6025 | D:6      | Slain by a two-headed ogre

Illustrated notes

Levels and vault maps discovered:
D:1:      eino_arrival_cavern_c, layout_loops_ring,
          shapermc_ecumenical_altar_ellora, chequers_arboretum
D:2:      wad_lake_hut, layout_basic
D:3:      layout_basic, mrwooster_statue_mirror, serial_bayou_pond_c
D:4:      layout_basic, nemelex_dance_club_becter,
          minmay_temple_entry_large_hall, corexii_checkpoint_b, uniq_robin
D:5:      layout_basic, lemuel_coloured_pillars_altar,
          gammafunk_ghost_stat_death, uniq_blork_the_orc
D:6:      layout_basic, serial_shops, shop, hex_intersection,
          minmay_starry_boxes, uniq_menkaure
Temple:   dpeg_five_rooms_temple

Skill      XL: |  1  2  3  4  5  6  7 |
---------------+----------------------+-----
Dodging        | 2 3 |  3.7
Fighting       | 2 3 4 |  4.2
Transmutations | 3 4 |  4.1
Spellcasting   | 3 |  3.9
Unarmed Combat | 4 |  4.7
Invocations    | 1 2 |  2.7
Ice Magic      | 0 |  0.8
Poison Magic   | 1 2 |  2.3

Action                   |  1- 3 |  4- 6 |  7- 9 || total
-------------------------+-------+-------+-------++-------
Melee: Unarmed           |   101 |   117 |    55 ||   273
       Headbutt          |    10 |    15 |    13 ||    38
       Kick              |    17 |    23 |    11 ||    51
       Tailslap          |    10 |    14 |     8 ||    32
       Bite              |       |     2 |     4 ||     6
 Cast: Beastly Appendage |    25 |    17 |     8 ||    50
       Wereblood         |       |    17 |    11 ||    28
 Abil: Breathe Fire      |       |       |     4 ||     4
  Use: Scroll            |     2 |       |     6 ||     8
Armor: Skin              |    40 |    26 |    19 ||    85
Dodge: Dodged            |    51 |    68 |    33 ||   152

Table legend: (Time is in decaauts)
 A = Elapsed time spent in this place.
 B = Non-inter-level travel time spent in this place.
 C = Inter-level travel time spent in this place.
 D = Time resting spent in this place.
 E = Time spent auto-exploring this place.
 F = Levels seen in this place.
 G = Mean time per level.
                   A        B        C        D        E       F      G
               +--------+--------+--------+--------+--------+-----+--------+
         Total |   6047 |   5844 |    203 |      6 |   5020 |   7 |  863.9 |
       Dungeon |   5730 |   5558 |    172 |      6 |   4819 |   6 |  955.0 |
        Temple |    316 |    285 |     31 |      0 |    201 |   1 |  316.0 |
               +--------+--------+--------+--------+--------+-----+--------+

Top non-repeatable levels by time:
     D:2: 1560 daAuts
     D:3: 1173 daAuts
     D:1: 1088 daAuts
     D:4: 929 daAuts
     D:5: 757 daAuts
  Temple: 316 daAuts
     D:6: 221 daAuts
